 Dungeon Crawl Stone Soup version 0.21-a0-184-g9126a74 (webtiles) character file.

613607 Helio the Ninja (level 26, 0/156 HPs)
             Began as a Spriggan Enchanter on Aug 6, 2017.
             Was the Champion of Dithmenos.
             Slain by a deep elf blademaster
             ... wielding a +0 rapier
              (20 damage)
             ... on level 16 of a ziggurat on Aug 11, 2017.
             The game lasted 04:40:51 (99274 turns).

Helio the Ninja (Spriggan Enchanter)               Turns: 99274, Time: 04:40:54

Health: 0/156      AC: 12    Str: 14    XL:     26   Next: 83%
Magic:  2/57       EV: 46    Int: 20    God:    Dithmenos [******]
Gold:   4819       SH: 11    Dex: 18    Spells: 6/66 levels left

rFire    . . .     SeeInvis +   i - +9 rapier (elec)
rCold    . . .     Gourm    .   Y - +3 buckler {AC+3}
rNeg     + . .     Faith    .   w - +2 robe of Vines {NoPotionHeal Regen+7}
rPois    +         Spirit   .   A - +0 hat "Tuoqef" {rElec rN+ Regen+ Str+3}
rElec    +         Reflect  .   l - +2 cloak
rCorr    .         Harm     .   (gloves unavailable)
MR       ++++.     Rnd*Rage +   (boots unavailable)
Stlth    ++++++++++             L - amulet of Vitality {Regen+ HP+15}
HPRegen  3.96/turn              z - ring of Neurosis {rElec MP+9 Slay+6}
MPRegen  0.35/turn              X - +6 ring of evasion

@: wreathed by umbra, studying Maces & Flails, deflect missiles, very quick
A: unfitting armour, horns 1, repulsion field 1, yellow scales 1, see invisible,
berserk 1, blink, herbivore 3, speed 3, poison resistance, slow metabolism 2
}: 3/15 runes: decaying, serpentine, silver
a: Blink, Shadow Step, Shadow Form, Renounce Religion


You were on level 16 of a ziggurat.
You worshipped Dithmenos.
Dithmenos was exalted by your worship.
You were not hungry.

You visited 9 branches of the dungeon, and saw 42 of its levels.
You visited 1 ziggurat, and saw 16 of its levels.
You also visited: Ossuary.

You collected 6731 gold pieces.
You spent 1912 gold pieces at shops.

Inventory:

Hand Weapons
 i - a +9 rapier of electrocution (weapon)
 J - a +4 quick blade
 Z - a +5 quick blade
Missiles
 y - 3 throwing nets (quivered)
Armour
 l - a +2 cloak (worn)
 w - the +2 robe of Vines (worn) {NoPotionHeal Regen+7}
   (You found it on level 5 of the Vaults)

   It increases your rate of regeneration.
 A - the +0 hat "Tuoqef" (worn) {rElec rN+ Regen+ Str+3}
   (You found it on level 5 of the Vaults)

   It affects your strength (+3).
   It insulates you from electricity.
   It protects you from negative energy.
   It increases your rate of regeneration.
 E - the +3 robe of Folly {Archmagi, MR-- Int+5}
   (You found it on level 6 of a ziggurat)

   It affects your intelligence (+5).
   It affects your resistance to hostile enchantments.
 Y - a +3 buckler of protection (worn)
Jewellery
 q - an uncursed ring of positive energy
 z - the ring of Neurosis (left hand) {rElec MP+9 Slay+6}
   (You found it on level 5 of a ziggurat)

   [ring of magical power]

   It affects your accuracy and damage with ranged weapons and melee attacks
   (+6).
   It insulates you from electricity.
   It affects your magic capacity (+9).
 C - a +3 ring of evasion
 L - the amulet of Vitality (around neck) {Regen+ HP+15}
   (You took it off a deep elf elementalist on level 3 of the Elven Halls)

   [amulet of regeneration]

   It affects your health (+15).
   It increases your rate of regeneration.
 O - the ring of Yneh {-Tele rF+ MR++ Int+6 Dex+3}
   (You found it on level 10 of a ziggurat)

   [ring of intelligence]

   It affects your intelligence (+6).
   It affects your dexterity (+3).
   It protects you from fire.
   It affects your resistance to hostile enchantments.
   It prevents most forms of teleportation.
 R - the ring of the Mage {Wiz MR++ Int+3}
   (You found it on level 15 of a ziggurat)

   [ring of wizardry]

   It improves your spell success rate.
   It affects your intelligence (+3).
   It affects your resistance to hostile enchantments.
 S - the ring "Lion" {rF+ Str+3 Int+3}
   (You found it on level 12 of a ziggurat)

   [ring of intelligence]

   It affects your strength (+3).
   It affects your intelligence (+3).
   It protects you from fire.
 U - the ring of Utir {Str+7 Dex+3}
   (You found it on level 12 of a ziggurat)

   [ring of dexterity]

   It affects your strength (+7).
   It affects your dexterity (+3).
 X - a +6 ring of evasion (right hand)
Wands
 e - a wand of paralysis (10/24)
 s - a wand of digging (11/24)
 T - a wand of paralysis (13/24)
 V - a wand of confusion (26/48)
Scrolls
 a - 5 scrolls of fear
 j - 11 scrolls of teleportation
 m - 12 scrolls of recharging
 v - 34 scrolls of remove curse
 B - 10 scrolls of identify
 F - 5 scrolls of blinking
 G - 5 scrolls of fog
 K - 2 scrolls of magic mapping
 Q - 2 scrolls of enchant armour
Potions
 b - 4 potions of heal wounds
 c - 5 potions of berserk rage
 h - 3 potions of resistance
 o - 11 potions of curing
 p - 5 potions of mutation
 u - 4 potions of ambrosia
 D - 6 potions of flight
Books
 d - the Collected Works on Freezing Changing
   (You found it on level 14 of a ziggurat)

   Spells                             Type                      Level
   a - Ice Form                       Ice/Transmutation            4
   b - Metabolic Englaciation         Hexes/Ice                    5
   c - Alistair's Intoxication        Transmutation/Poison         5
   d - Statue Form                    Transmutation/Earth          6
 n - a book of Annihilations

   Spells                             Type                      Level
   a - Poison Arrow                   Conjuration/Poison           6
   b - Chain Lightning                Conjuration/Air              8
   c - Lehudib's Crystal Spear        Conjuration/Earth            8
   d - Glaciate                       Conjuration/Ice              9
   e - Fire Storm                     Conjuration/Fire             9
 r - the Compendium of the Foremost Continents
   (You found it on level 12 of a ziggurat)

   Spells                             Type                      Level
   a - Teleport Other                 Translocation                3
   b - Summon Ice Beast               Ice/Summoning                4
 t - a book of Dreams

   Spells                             Type                      Level
   a - Ensorcelled Hibernation        Hexes/Ice                    2
   b - Silence                        Hexes/Air                    5
   c - Darkness                       Hexes                        6
   d - Shadow Creatures               Summoning                    6
 x - the Disquisition on Mutagenic Talismans
   (You found it on level 9 of a ziggurat)

   Spells                             Type                      Level
   a - Swiftness                      Charms/Air                   2
   b - Passwall                       Transmutation/Earth          2
   c - Ozocubu's Armour               Charms/Ice                   3
   d - Spectral Weapon                Hexes/Charms                 3
   e - Excruciating Wounds            Charms/Necromancy            5
   f - Alistair's Intoxication        Transmutation/Poison         5
 H - a manual of Maces & Flails
 I - the Tome of Quantum Black Arts
   (You found it on level 15 of a ziggurat)

   Spells                             Type                      Level
   a - Pain                           Necromancy                   1
   b - Recall                         Summoning/Translocation      3
   c - Bolt of Draining               Conjuration/Necromancy       5
   d - Summon Forest                  Summoning/Translocation      5
   e - Dispersal                      Translocation                6
 M - a book of Air

   Spells                             Type                      Level
   a - Shock                          Conjuration/Air              1
   b - Swiftness                      Charms/Air                   2
   c - Static Discharge               Conjuration/Air              3
   d - Airstrike                      Air                          4
   e - Lightning Bolt                 Conjuration/Air              5
 N - a book of Unlife

   Spells                             Type                      Level
   a - Recall                         Summoning/Translocation      3
   b - Animate Dead                   Necromancy                   4
   c - Control Undead                 Necromancy                   4
   d - Cigotuvi's Embrace             Necromancy                   5
   e - Death Channel                  Necromancy                   6
   f - Simulacrum                     Ice/Necromancy               6
 P - the Handbook of Shape Shifting and Displacement
   (You found it on level 10 of a ziggurat)

   Spells                             Type                      Level
   a - Ignite Poison                  Fire/Transmutation/Poison    3
   b - Recall                         Summoning/Translocation      3
   c - Teleport Other                 Translocation                3
   d - Summon Forest                  Summoning/Translocation      5
   e - Dispersal                      Translocation                6
 W - the Volume of Confrontation and Black Rites
   (You found it on level 13 of a ziggurat)

   Spells                             Type                      Level
   a - Searing Ray                    Conjuration                  2
   b - Static Discharge               Conjuration/Air              3
   c - Excruciating Wounds            Charms/Necromancy            5
   d - Fireball                       Conjuration/Fire             5
   e - Dispel Undead                  Necromancy                   5
Comestibles
 f - 25 fruits
 k - 22 bread rations


   Skills:
 + Level 15.3 Fighting
 - Level 14.5 Short Blades
 + Level 24.2 Dodging
 O Level 27 Stealth
 - Level 7.4 Shields
 + Level 20.9 Spellcasting
 + Level 21.3 Hexes
 - Level 16.0 Charms
 - Level 5.0 Necromancy
 - Level 3.1 Translocations
 - Level 3.0 Air Magic


You had 6 spell levels left.
You knew the following spells:

 Your Spells              Type           Power        Failure   Level  Hunger
a - Ensorcelled Hibernat  Hex/Ice        ######       1%          2    None
b - Spectral Weapon       Hex/Chrm       #######.     0%          3    None
c - Confuse               Hex            #######.     0%          3    None
d - Tukima's Dance        Hex            #######.     0%          3    None
e - Dazzling Spray        Conj/Hex       ######       1%          3    None
f - Cause Fear            Hex            #######...   0%          4    None
g - Deflect Missiles      Chrm/Air       ######....   7%          6    ####...
h - Invisibility          Hex            #######.     1%          6    ####...
i - Dispel Undead         Necr           #####...     8%          5    None
j - Silence               Hex/Air        ######....   1%          5    None
k - Passage of Golubria   Tloc           N/A          6%          4    None
l - Darkness              Hex            #######...   1%          6    ####...
m - Passwall              Tmut/Erth      ###.......   3%          2    None
n - Discord               Hex            #######...   2%          8    #######


Dungeon Overview and Level Annotations

Branches:
Dungeon (15/15)            Temple (1/1) D:6            Lair (6/6) D:9
  Swamp (4/4) Lair:2        Snake (4/4) Lair:3        Slime (0/5) Lair:6
    Orc (2/2) D:9             Elf (3/3) Orc:2        Vaults (5/5) D:14
  Crypt (0/3) Vaults:3     Depths (2/5) D:15

Altars:
Ashenzari
Cheibriados
Dithmenos
Elyvilon
Fedhas
Gozag
Hepliaklqana
Kikubaaqudgha
Makhleb
Nemelex Xobeh
Okawaru
Qazlal
Ru
Sif Muna
Trog
Uskayaw
Vehumet
Wu Jian
Xom
Yredelemnul
Zin
The Shining One

Shops:
D:10 =   Orc:2 =}(}   Vaults:4 =

Portals:
Hell: Depths:1 Depths:2*
Pandemonium: Depths:1

Annotations:
D:14 exclusion: Roxanne, Roxanne
Vaults:2 kroki's ghost, adept CeWn


Innate Abilities, Weirdness & Mutations

You are very small and have problems with some larger weapons.
You are too small for most types of armour.
You have supernaturally acute eyesight. (SInv)
You are a herbivore.
You cover ground extremely quickly.
You need consume almost no food.
You have a pair of small horns on your head.
You are surrounded by a mild repulsion field. (EV +2)
You are partially covered in yellow scales. (AC +2)
You tend to lose your temper in combat.
You can translocate small distances at will.
Your system is resistant to poisons. (rPois)


Message History

Dithmenos accepts your kill.
You block the deep elf blademaster's attack.
The deep elf blademaster hits you with a rapier!!
The deep elf knight hits the earth elemental with a rapier of speed.
The deep elf blademaster misses you.
The deep elf blademaster hits you with a rapier!!
* * * LOW HITPOINT WARNING * * *
You emit a cloud of dark smoke.
You recover from your berserk rage.
The deep elf knight hits the earth elemental with a rapier of speed.
The earth elemental closely misses the deep elf knight.
The deep elf knight barely misses something.
The deep elf knight hits something with a rapier of speed!!
Dithmenos accepts your kill.
You feel a bit more experienced.
The deep elf knight looks more experienced.
The deep elf blademaster hits you with a rapier.
* * * LOW HITPOINT WARNING * * *
The deep elf blademaster hits you with a rapier!!
You die...

e[........................▓
E!=)...............)......▓
E}).........#......).).)..▓
e)).........'....).....).∩▓
e)|........E#.............▓
e))).......e..........)...▓
e..........§§§§§§..)......▓
............§§§§§§.)).....▓
............@e§§§§........▓
▓▓▓▓▓▓▓.....§§§§§§▓▓▓▓▓▓▓▓▓
▓....).)§§§.▓ ▓...........▓
▓...........▓ ▓...........▓
▓▓▓▓▓▓▓▓▓▓▓▓▓


You could see a neutral deep elf blademaster (insane) and a neutral deep elf
knight (insane).

Vanquished Creatures
  2 ancient liches (Zig:13)
  The ghost of Serpenta the Hoplite, a legendary BaNe of Kikubaaqudgha (Zig:16)
  A juggernaut (shapeshifter) (Depths:2)
  Boris (Vaults:2)
  A shard shrike (Zig:15)
  A Killer Klown (Zig:8)
  Bai Suzhen (Elf:3)
  Jory (Vaults:3)
  A caustic shrike (shapeshifter) (Depths:2)
  A bone dragon (Vaults:3)
  A Tzitzimitl (Zig:8)
  A Brimstone Fiend (Zig:2)
  An iron giant (Zig:12)
  A Hell Sentinel (Zig:9)
  3 tentacled monstrosities
  A lich (Vaults:5)
  2 Ice Fiends (Zig:15)
  2 titans
  2 deep elf master archers (Elf:3)
  4 deep elf blademasters
  2 thorn hunters
  5 sphinxes
  A storm dragon (Vaults:5)
  4 shadow dragons (Vaults:5)
  4 tengu reavers
  14 nagarajas
  A storm dragon (shapeshifter) (Depths:2)
  11 fire giants
  6 deep elf sorcerers
  2 ghost moths
  An iron dragon (Zig:9)
  3 frost giants
  20 vault wardens
  An emperor scorpion (Zig:6)
  8 deep elf elementalists
  Aizul (Depths:1)
  A juggernaut zombie (Zig:9)
  A reaper (Zig:12)
  14 ironheart preservers
  The ghost of ciphuk the Unseen, an adept SpEn of Dithmenos (Elf:1)
  13 very ugly things
  3 war gargoyles
  3 entropy weavers
  11 stone giants
  Azrael (Orc:2)
  The ghost of WhatIsLove the Thaumaturge, a journeyman DEFE of Sif Muna (D:15)
  7 deep elf demonologists
  18 deep elf annihilators
  4 spark wasps (Depths:2)
  7 ettins
  4 blizzard demons (Zig:15)
  A minotaur (shapeshifter) (Depths:2)
  A merfolk javelineer (Depths:1)
  3 crystal guardians
  8 deep elf death magi
  20 yaktaur captains
  An ettin (shapeshifter) (Depths:2)
  Snorg (D:11)
  7 ogre magi
  9 deep elf high priests
  A quicksilver dragon zombie (Zig:12)
  8 fire dragons
  Josephine (D:12)
  3 great orbs of eyes
  2 ice dragons (shapeshifter)
  14 vault guards
  4 rakshasas
  A spriggan air mage (Depths:2)
  29 hydras
  28 naga warriors
  2 ice dragons
  3 catoblepae (Lair:6)
  17 anacondas
  8 centaur warriors
  16 alligators
  An alligator snapping turtle (shapeshifter) (Elf:3)
  10 two-headed ogres
  A deep troll earth mage (Depths:2)
  6 death yaks (Lair:6)
  A two-headed ogre (shapeshifter) (Vaults:5)
  3 death scarabs (Zig:5)
  2 vampire magi (Depths:1)
  4 deep troll shamans
  31 dancing weapons
  The ghost of syranez the Geomancer, a novice GrEE of Vehumet (Lair:1)
  A spriggan berserker (Depths:2)
  A tengu warrior (D:14)
  3 orc high priests (Orc:2)
  17 naga sharpshooters
  A soul eater (Depths:1)
  A hell knight (Vaults:2)
  15 shock serpents
  3 shadow wraiths
  4 iron trolls (Depths:1)
  23 deep elf knights
  A salamander mystic (Snake:4)
  11 skeletal warriors
  4 spriggan druids (Swamp:4)
  8 deep trolls
  16 naga ritualists
  The ghost of glosham the Covert, a novice GnAr of Dithmenos (D:7)
  8 sea snakes (Snake:4)
  17 swamp dragons
  8 wizards
  6 unseen horrors
  17 deep elf archers
  A lindwurm (Lair:4)
  2 shambling mangroves
  2 glowing orange brains
  9 ironbrand convokers
  3 harpies (Vaults:4)
  24 orc knights
  5 phantasmal warriors
  23 mana vipers
  A harpy (shapeshifter) (Vaults:4)
  A shining eye (shapeshifter) (Depths:2)
  2 necromancers
  An orb spider (shapeshifter) (D:14)
  2 manticores (Lair:6)
  3 orb spiders (Zig:7)
  2 wolf spiders
  85 deep elf magi
  A manticore (shapeshifter) (Zig:13)
  11 ugly things
  A cyclops (shapeshifter) (Vaults:5)
  7 orc sorcerers
  6 elephants (Lair:6)
  A fire giant zombie (Vaults:4)
  8 salamanders
  9 guardian serpents
  A frost giant zombie (Zig:5)
  7 cyclopes
  68 black mambas
  2 moths of wrath (Zig:7)
  A guardian serpent (shapeshifter) (Depths:2)
  A human skeleton (Vaults:4)
  A centaur zombie (D:14)
  A rust devil (Depths:1)
  A moth of wrath (shapeshifter) (Zig:10)
  2 apocalypse crabs (Zig:8)
  3 gargoyles
  22 vault sentinels
  A torpor snail (Zig:7)
  22 naga magi
  2 elf zombies
  19 spiny frogs
  6 freezing wraiths
  2 centaur skeletons
  2 hellions
  13 rime drakes
  A kobold demonologist (D:15)
  3 tormentors
  2 efreet
  A tengu conjurer (D:14)
  48 yaktaurs
  2 ice devils (Zig:9)
  A hellwing (Depths:1)
  A demonic crawler (Zig:7)
  2 rime drakes (shapeshifter)
  7 komodo dragons
  A guardian mummy (Zig:5)
  A queen bee (D:15)
  3 meliai (D:15)
  A meliai (shapeshifter) (D:15)
  3 jumping spiders (Zig:7)
  2 polar bears
  A jumping spider (shapeshifter) (D:14)
  15 hornets
  8 trolls
  18 slime creatures
  A blink frog (shapeshifter) (Vaults:2)
  4 blink frogs
  10 dream sheep
  5 tyrant leeches
  3 spriggan zombies
  11 hippogriffs
  5 bog bodies
  A dream sheep (shapeshifter) (Vaults:5)
  2 redbacks (shapeshifter)
  2 human simulacra
  A fire dragon skeleton (Zig:2)
  Sigmund (D:6)
  3 redbacks
  A shadow (D:13)
  89 yaks
  A tarantella (Vaults:2)
  A vampire (D:14)
  6 water elementals
  2 air elementals
  A yak (shapeshifter) (D:15)
  6 spriggans
  5 wyverns
  A ynoxinul (Depths:1)
  A human (shapeshifter) (Vaults:2)
  8 fire elementals
  An ushabti (Zig:5)
  A golden eye (shapeshifter) (Vaults:4)
  A hog (shapeshifter) (Vaults:3)
  17 vampire mosquitoes
  8 wraiths
  2 steam dragons (D:11)
  Eustachio (D:6)
  4 basilisks
  A chaos spawn (Zig:8)
  4 hungry ghosts
  2 yaktaur simulacra (Vaults:2)
  A warg (shapeshifter) (Zig:4)
  13 wargs
  Edmund (D:6)
  A human zombie (Zig:9)
  11 swamp worms
  A harpy simulacrum (Depths:2)
  Duvessa (D:6)
  A hydra simulacrum (Depths:2)
  62 nagas
  3 hell hounds
  12 water moccasins
  6 porcupines
  38 orc warriors
  A black bear (D:10)
  17 swamp drakes
  3 sky beasts
  A black bear (shapeshifter) (Vaults:4)
  A hornet zombie (D:9)
  8 ice beasts
  An eye of draining (Zig:1)
  2 phantoms
  29 ogres
  14 centaurs
  12 crocodiles
  35 wolves
  8 boggarts
  10 big kobolds
  A big kobold (shapeshifter) (Vaults:2)
  18 bullfrogs
  A gnoll sergeant (Orc:2)
  2 wyvern zombies
  5 earth elementals
  A scorpion (D:4)
  A water moccasin skeleton (D:6)
  2 water moccasin zombies
  Dowan (D:6)
  27 killer bees
  8 wights
  4 howler monkeys
  4 electric eels
  8 crimson imps
  7 hounds
  4 bullfrog zombies
  Crazy Yiuf (D:7)
  22 orc priests
  5 jellies
  5 bullfrog skeletons
  An iron imp (Zig:9)
  Jessica (D:3)
  6 iguanas
  27 orc wizards
  13 worker ants
  3 hell rats (Lair:4)
  A lightning spire (Zig:8)
  A hound skeleton (D:8)
  3 mummies
  4 worker ant zombies
  14 gnolls
  12 adders
  A river rat (Lair:4)
  5 shadow imps
  A white imp (D:4)
  An ooze (D:1)
  2 adder zombies (Ossuary)
  An adder skeleton (D:7)
  2 worms (D:2)
  4 dart slugs
  10 leopard geckos
  122 orcs
  9 bats
  5 giant cockroaches
  11 goblins
  7 hobgoblins
  6 jackals
  49 kobolds
  3 quokkas
  A ball python (D:6)
  10 frilled lizards
  3 gnoll zombies (Ossuary)
  9 hobgoblin zombies (Ossuary)
  4 kobold zombies (Ossuary)
  3 leopard gecko skeletons
  6 orc zombies (Ossuary)
  A quokka skeleton (D:6)
  19 rats
  A fire vortex (Zig:8)
  3 plants (Lair:6)
2142 creatures vanquished.

Vanquished Creatures (collateral kills)
  An ancient lich (Depths:2)
  3 shard shrikes (Zig:15)
  A tentacled monstrosity (Zig:11)
  A deep elf blademaster (Zig:16)
  A titan (Vaults:5)
  A thorn hunter (Zig:11)
  A fire giant (Vaults:5)
  5 nagarajas (Zig:14)
  2 frost giants
  An iron dragon (Depths:2)
  A deep elf elementalist (Vaults:5)
  2 reapers (Zig:12)
  A war gargoyle (Vaults:5)
  3 very ugly things
  A lorocyproca (Depths:2)
  A deep elf annihilator (Zig:16)
  A spark wasp (Depths:2)
  An ettin (Depths:1)
  A crystal guardian (Depths:2)
  A fire dragon (Depths:1)
  2 deep elf high priests
  A blizzard demon (Zig:15)
  21 vault guards (Vaults:5)
  A yaktaur captain (Vaults:5)
  A ghost crab (Zig:11)
  A juggernaut simulacrum (Depths:2)
  2 spriggan air magi (Depths:2)
  3 naga warriors
  2 anacondas
  4 dancing weapons (Zig:16)
  A deep troll earth mage (Depths:2)
  2 shock serpents
  A spriggan (Zig:11)
  2 naga sharpshooters
  A deep elf knight (Zig:16)
  4 hell knights (Depths:2)
  3 spriggan druids (Zig:11)
  A deep elf archer (Zig:13)
  A naga ritualist (Zig:14)
  An ironbrand convoker (Zig:13)
  A necromancer (Depths:2)
  A tengu zombie (Zig:12)
  3 swamp dragons (Zig:11)
  2 orc knights (Orc:2)
  8 deep elf magi
  4 mana vipers
  A fire giant zombie (Zig:12)
  2 ugly things (Zig:8)
  A wolf spider (Zig:6)
  An orc sorcerer (Orc:2)
  A tengu skeleton (Zig:12)
  A manticore (shapeshifter) (Zig:8)
  2 salamanders (Zig:14)
  3 black mambas (Zig:14)
  An apocalypse crab (Zig:8)
  2 vault sentinels (Zig:13)
  2 guardian serpents (Zig:14)
  2 rust devils (Zig:12)
  4 spiny frogs (Zig:11)
  6 naga magi
  An ice devil (Zig:15)
  A tormentor (Zig:12)
  5 yaktaurs (Depths:1)
  4 rime drakes (Zig:15)
  A freezing wraith (Zig:13)
  A troll (Orc:2)
  3 jumping spiders (Zig:6)
  2 hornets (Zig:11)
  A troll (shapeshifter) (Zig:13)
  2 bog bodies (Zig:11)
  A tyrant leech (Zig:11)
  A dream sheep (shapeshifter) (Zig:13)
  A flying skull (Zig:5)
  A redback (Zig:6)
  An air elemental (Zig:16)
  An ushabti (Zig:5)
  3 tarantellas (Zig:6)
  5 water elementals
  2 vampire mosquitoes (Zig:11)
  5 nagas
  5 orc warriors
  A floating eye (shapeshifter) (Zig:13)
  An ice beast (shapeshifter) (Vaults:5)
  2 swamp drakes (Zig:11)
  2 elf simulacra (Zig:15)
  2 earth elementals (Zig:16)
  A wight (D:10)
  2 orc priests
  An iron imp (Zig:12)
  A mummy (Zig:12)
  A gnoll (D:6)
  6 orcs
  3 spectral weapons
203 creatures vanquished.

Vanquished Creatures (others)
  3 shard shrikes (Zig:15)
  A deep elf blademaster (Zig:16)
  2 tengu reavers
  A fire giant (Zig:13)
  A vault warden (Vaults:4)
  A deep elf sorcerer (Elf:3)
  An orc warlord (Zig:13)
  2 frost giants
  A reaper (Zig:9)
  An ironheart preserver (Zig:13)
  A very ugly thing (Vaults:5)
  A war gargoyle (Zig:12)
  A deep elf death mage (Vaults:1)
  A naga warrior (Zig:14)
  2 vault guards (Vaults:5)
  A hydra (Zig:11)
  2 anacondas (Zig:14)
  A black mamba (Zig:14)
  An ogre mage (Zig:13)
  3 dancing weapons
  A shock serpent (Zig:14)
  3 deep elf knights
  An orc knight (Zig:13)
  A shadow wraith (Zig:13)
  An ironbrand convoker (Zig:13)
  A harpy (Vaults:4)
  4 deep elf archers
  11 deep elf magi
  2 wolf spiders
  A guardian serpent (Zig:14)
  A hellion (Zig:12)
  2 tormentors (Zig:12)
  3 yaktaurs
  A red devil (Zig:12)
  A jumping spider (shapeshifter) (Zig:13)
  2 hornets (Vaults:5)
  A wraith (Zig:12)
  A naga (Zig:14)
  A swamp worm (shapeshifter) (Zig:16)
  An eye of draining (D:14)
  4 ice beasts (Zig:15)
  An iron imp (Zig:12)
  An orc priest (Vaults:3)
  A mummy (Zig:5)
  2 orcs
  4 fungi
  9 plants
  4 spectral weapons
94 creatures vanquished.

Grand Total: 2439 creatures vanquished

Notes
Turn   | Place    | Note
-------+----------+-------------------------------------------
     0 | D:1      | Helio the Spriggan Enchanter began the quest for the Orb.
     0 | D:1      | Reached XP level 1. HP: 9/9 MP: 5/5
   731 | D:1      | Reached XP level 2. HP: 10/13 MP: 5/7
   883 | D:1      | Learned a level 2 spell: Ensorcelled Hibernation
  1618 | D:1      | Reached XP level 3. HP: 16/16 MP: 9/9
  1623 | D:1      | Learned a level 3 spell: Confuse
  1627 | D:1      | Learned a level 3 spell: Tukima's Dance
  3376 | D:2      | Reached XP level 4. HP: 21/21 MP: 8/11
  3605 | D:2      | Reached skill level 5 in Hexes
  3783 | D:2      | Found an iron altar of Okawaru.
  4291 | D:3      | Noticed Jessica
  4316 | D:3      | Killed Jessica
  4316 | D:3      | Reached skill level 5 in Stealth
  4316 | D:3      | Reached XP level 5. HP: 24/24 MP: 8/13
  4985 | D:3      | Learned a level 3 spell: Dazzling Spray
  5020 | D:3      | Reached skill level 6 in Stealth
  5700 | D:3      | Noticed a phantom
  5725 | D:3      | Reached skill level 7 in Stealth
  5734 | D:3      | Killed a phantom
  5734 | D:3      | Reached skill level 8 in Stealth
  5734 | D:3      | Reached XP level 6. HP: 13/28 MP: 4/14
  6257 | D:3      | Reached skill level 9 in Stealth
  6957 | D:4      | Found a basalt altar of Yredelemnul.
  7003 | D:4      | Reached skill level 10 in Stealth
  7003 | D:4      | Reached XP level 7. HP: 32/32 MP: 6/15
  7325 | D:4      | Reached skill level 11 in Stealth
  8654 | D:5      | Entered Level 5 of the Dungeon
  8688 | D:5      | Reached skill level 12 in Stealth
  8895 | D:5      | Found a sand-covered staircase.
  8911 | Ossuary  | Entered an ossuary
  9079 | Ossuary  | Reached skill level 5 in Spellcasting
  9093 | Ossuary  | Reached XP level 8. HP: 32/37 MP: 16/16
  9446 | D:5      | Reached skill level 1 in Fighting
  9449 | D:5      | Gained mutation: You have a pair of small horns on your head. [potion of mutation]
  9449 | D:5      | Gained mutation: You are resistant to hostile enchantments. (MR+) [potion of mutation]
  9449 | D:5      | Gained mutation: You have sharp fingernails. [potion of mutation]
 10292 | D:6      | Noticed Sigmund
 10787 | D:6      | Killed Sigmund
 10787 | D:6      | Reached skill level 5 in Dodging
 10856 | D:6      | Noticed Edmund
 10878 | D:6      | Killed Edmund
 10969 | D:6      | Noticed Eustachio
 11020 | D:6      | Killed Eustachio
 11040 | D:6      | Reached XP level 9. HP: 42/42 MP: 19/19
 11094 | D:6      | Found a staircase to the Ecumenical Temple.
 11131 | Temple   | Entered the Ecumenical Temple
 11150 | Temple   | Became a worshipper of Dithmenos the Shadowed
 11625 | D:6      | Noticed Dowan
 11629 | D:6      | Noticed Duvessa
 11633 | D:6      | Killed Dowan
 11665 | D:5      | Reached skill level 13 in Stealth
 11923 | D:6      | Killed Duvessa
 12708 | D:7      | Found a runed door.
 12712 | D:7      | Noticed Crazy Yiuf
 12720 | D:7      | Killed Crazy Yiuf
 12759 | D:7      | Reached * piety under Dithmenos
 13759 | D:7      | Noticed glosham's ghost (novice GnAr)
 13776 | D:7      | Killed glosham's ghost
 13815 | D:7      | Reached skill level 5 in Short Blades
 13815 | D:7      | Reached XP level 10. HP: 49/49 MP: 22/22
 13924 | D:8      | Reached ** piety under Dithmenos
 14337 | D:8      | Reached skill level 14 in Stealth
 14587 | D:8      | Found an iron altar of Okawaru.
 14860 | D:9      | Reached *** piety under Dithmenos
 15162 | D:9      | Found a staircase to the Lair.
 15589 | D:9      | Reached **** piety under Dithmenos
 15828 | D:9      | Reached XP level 11. HP: 48/54 MP: 24/24
 16154 | D:9      | Noticed a red ugly thing
 16157 | D:9      | Killed a red ugly thing
 16248 | D:9      | Found a staircase to the Orcish Mines.
 16269 | Orc:1    | Entered Level 1 of the Orcish Mines
 16270 | Orc:1    | Noticed an orc knight
 16370 | D:10     | Entered Level 10 of the Dungeon
 17292 | D:10     | Reached skill level 15 in Stealth
 17541 | D:10     | Reached skill level 5 in Fighting
 17616 | D:10     | Found Rarakk's Jewellery Emporium.
 17939 | D:10     | Reached ***** piety under Dithmenos
 17963 | D:10     | Learned a level 4 spell: Cause Fear
 18045 | D:11     | Noticed Snorg
 18756 | D:11     | Reached skill level 10 in Dodging
 19064 | D:11     | Killed Snorg
 19376 | D:12     | Reached skill level 10 in Spellcasting
 20158 | D:12     | Reached XP level 12. HP: 60/60 MP: 23/27
 20204 | D:12     | Reached skill level 10 in Hexes
 20684 | D:12     | Noticed Josephine
 20708 | D:12     | Killed Josephine
 21692 | D:13     | Noticed a two-headed ogre
 21699 | D:13     | Killed a two-headed ogre
 21752 | D:13     | Noticed a five-headed hydra
 21759 | D:13     | Killed a five-headed hydra
 21759 | D:13     | Reached skill level 16 in Stealth
 21941 | D:13     | Noticed a two-headed ogre
 21949 | D:13     | Killed a two-headed ogre
 22382 | D:13     | Noticed a two-headed hydra
 22386 | D:13     | Killed a two-headed hydra
 22528 | D:13     | Noticed a centaur warrior
 22557 | D:13     | Killed a centaur warrior
 22945 | D:14     | Found a sacrificial altar of Ru.
 23128 | D:14     | Noticed a centaur warrior
 23132 | D:14     | Noticed a two-headed ogre
 23424 | D:14     | Noticed Roxanne
 23597 | D:14     | Reached XP level 13. HP: 56/67 MP: 26/29
 24369 | D:14     | Found a gate to the Vaults.
 24444 | D:14     | Reached skill level 10 in Short Blades
 24961 | Lair:1   | Entered Level 1 of the Lair of Beasts
 25434 | Lair:1   | Noticed syranez's ghost (novice GrEE)
 25437 | Lair:1   | Reached skill level 17 in Stealth
 25996 | Lair:1   | Killed syranez's ghost
 26069 | Lair:1   | Reached ****** piety under Dithmenos
 26973 | Lair:2   | Found a staircase to the Swamp.
 27753 | Lair:3   | Found a staircase to the Snake Pit.
 28257 | Lair:3   | Reached XP level 14. HP: 43/73 MP: 8/31
 29105 | Lair:3   | Lost mutation: You have a pair of small horns on your head. [potion of mutation]
 29105 | Lair:3   | Gained mutation: You are clumsy. (Dex -2) [potion of mutation]
 29105 | Lair:3   | Gained mutation: You have very sharp teeth. [potion of mutation]
 29105 | Lair:3   | Gained mutation: You evolve. [potion of mutation]
 29106 | Lair:3   | Lost mutation: You are clumsy. (Dex -2) [potion of mutation]
 29106 | Lair:3   | Lost mutation: You are resistant to hostile enchantments. (MR+) [potion of mutation]
 29106 | Lair:3   | Lost mutation: You have sharp fingernails. [potion of mutation]
 29106 | Lair:3   | Lost mutation: You have very sharp teeth. [potion of mutation]
 29106 | Lair:3   | Lost mutation: You evolve. [potion of mutation]
 29106 | Lair:3   | Gained mutation: You are occasionally teleported next to monsters. [potion of mutation]
 29106 | Lair:3   | Gained mutation: You have a pair of small horns on your head. [potion of mutation]
 29106 | Lair:3   | Gained mutation: You have a pair of horns on your head. [potion of mutation]
 29107 | Lair:3   | Lost mutation: You are occasionally teleported next to monsters. [potion of mutation]
 29107 | Lair:3   | Gained mutation: Your magical capacity is low. (-10% MP) [potion of mutation]
 29108 | Lair:3   | Lost mutation: You have a pair of horns on your head. [potion of mutation]
 29108 | Lair:3   | Lost mutation: Your magical capacity is low. (-10% MP) [potion of mutation]
 29108 | Lair:3   | Gained mutation: You are surrounded by a mild repulsion field. (EV +2) [potion of mutation]
 29108 | Lair:3   | Gained mutation: Your system is resistant to poisons. (rPois) [potion of mutation]
 29108 | Lair:3   | Gained mutation: You can translocate small distances at will. [potion of mutation]
 29108 | Lair:3   | Gained mutation: You are partially covered in yellow scales. (AC +2) [potion of mutation]
 30886 | D:10     | Bought the ring "Estrozusu" {+Fly MR+ Int+4 Dex+6} for 664 gold pieces
 31083 | Lair:5   | Reached skill level 18 in Stealth
 31770 | Lair:5   | You fall through a shaft!
 31770 | Lair:6   | Entered Level 6 of the Lair of Beasts
 32178 | Lair:6   | Found a blossoming altar of Fedhas.
 33319 | Lair:6   | Found a staircase to the Slime Pits.
 33482 | Lair:6   | Reached XP level 15. HP: 78/78 MP: 33/33
 34201 | D:15     | Entered Level 15 of the Dungeon
 34210 | D:15     | Noticed WhatIsLove's ghost (journeyman DEFE)
 34222 | D:15     | Killed WhatIsLove's ghost
 35117 | D:15     | Found a staircase to the Depths.
 35203 | D:15     | Reached skill level 19 in Stealth
 35587 | Depths:1 | Entered Level 1 of the Depths
 35769 | Depths:1 | Reached skill level 15 in Dodging
 35771 | Depths:1 | Noticed a frost giant
 37120 | Orc:2    | Entered Level 2 of the Orcish Mines
 37120 | Orc:2    | Found a staircase to the Elven Halls.
 37676 | Orc:2    | Noticed Azrael
 37709 | Orc:2    | Killed Azrael
 39409 | Orc:2    | Found Guguxzof's Jewellery Boutique.
 39409 | Orc:2    | Found Voholulu's Gadget Emporium.
 39411 | Orc:2    | Found Tatzo's Antique Weapon Emporium.
 39411 | Orc:2    | Found Pesusk's Gadget Boutique.
 39573 | Elf:1    | Entered Level 1 of the Elven Halls
 39589 | Orc:2    | Upgraded the game from 0.21-a0-164-g4aaa757 to 0.21-a0-171-g0f4a3b6
 39806 | Snake:1  | Entered Level 1 of the Snake Pit
 40637 | Snake:1  | Reached XP level 16. HP: 84/84 MP: 32/35
 40988 | Snake:1  | Found a sacrificial altar of Ru.
 42670 | Snake:2  | Reached skill level 1 in Shields
 43156 | Snake:2  | Reached skill level 10 in Fighting
 43340 | Snake:2  | Found a shimmering altar of Xom.
 43354 | Snake:2  | Reached skill level 20 in Stealth
 45620 | Snake:3  | Reached skill level 15 in Hexes
 47259 | Snake:3  | Reached XP level 17. HP: 83/90 MP: 9/36
 47814 | Lair:3   | Upgraded the game from 0.21-a0-171-g0f4a3b6 to 0.21-a0-173-g99db44b
 47855 | Swamp:1  | Entered Level 1 of the Swamp
 49070 | Swamp:1  | Upgraded the game from 0.21-a0-173-g99db44b to 0.21-a0-178-g0b87683
 49904 | Swamp:3  | Reached skill level 15 in Spellcasting
 49958 | Swamp:3  | Got an ebony scimitar
 49959 | Swamp:3  | Identified the +1 scimitar "Eboger" {slice, rF- rC+ Stlth+} (You found it on level 3 of the Swamp)
 50963 | Swamp:4  | Entered Level 4 of the Swamp
 51105 | Swamp:3  | Learned a level 6 spell: Invisibility
 51257 | Swamp:4  | Reached skill level 21 in Stealth
 51332 | Swamp:4  | Got a decaying rune of Zot
 52801 | Snake:4  | Entered Level 4 of the Snake Pit
 52996 | Snake:4  | Reached XP level 18. HP: 96/96 MP: 38/38
 53459 | Snake:4  | Reached skill level 5 in Shields
 53532 | Snake:4  | Identified a scroll of acquirement
 53535 | Snake:4  | Got a twisted dagger
 53536 | Snake:4  | Identified the +1 dagger "Quxibiro" {freeze, rC+} (You acquired it on level 4 of the Snake Pit)
 58833 | Snake:4  | Learned a level 6 spell: Deflect Missiles
 58982 | Snake:4  | Reached skill level 22 in Stealth
 59245 | Snake:4  | Reached XP level 19. HP: 74/101 MP: 36/40
 59656 | Snake:4  | Got a serpentine rune of Zot
 60851 | Vaults:1 | Entered Level 1 of the Vaults
 63309 | Vaults:2 | Noticed kroki's ghost (adept CeWn)
 63408 | Vaults:2 | Gained mutation: You tend to lose your temper in combat. [mutagenic glow]
 63746 | Vaults:2 | Noticed Boris
 63788 | Vaults:2 | Killed Boris
 64251 | Vaults:2 | Found a glowing silver altar of Zin.
 64951 | Vaults:2 | Reached XP level 20. HP: 70/107 MP: 42/42
 65212 | Vaults:2 | Reached skill level 1 in Charms
 65898 | Vaults:2 | Reached skill level 23 in Stealth
 65898 | Vaults:2 | Reached skill level 1 in Air Magic
 66486 | Vaults:3 | Learned a level 5 spell: Dispel Undead
 66492 | Vaults:3 | Learned a level 5 spell: Silence
 66497 | Vaults:3 | Learned a level 4 spell: Passage of Golubria
 66636 | Vaults:3 | Noticed Jory
 66638 | Vaults:3 | Killed Jory
 67830 | Vaults:3 | Reached skill level 1 in Translocations
 67883 | Vaults:3 | Noticed a bone dragon
 67884 | Vaults:3 | Found a staircase to the Crypt.
 67886 | Vaults:3 | Killed a bone dragon
 68062 | Vaults:3 | Reached skill level 1 in Necromancy
 68550 | D:15     | Learned a level 6 spell: Darkness
 68553 | D:15     | Learned a level 2 spell: Passwall
 68828 | Elf:1    | Noticed ciphuk's ghost (adept SpEn)
 68862 | Elf:1    | Killed ciphuk's ghost
 69218 | Elf:1    | Reached skill level 5 in Charms
 71120 | Elf:2    | Found an ancient bone altar of Kikubaaqudgha.
 71537 | Elf:2    | Found a runed gate.
 71537 | Elf:2    | Found a runed gate.
 71537 | Elf:2    | Found a runed gate.
 72971 | Elf:2    | Reached XP level 21. HP: 112/112 MP: 37/43
 73515 | Elf:3    | Entered Level 3 of the Elven Halls
 73995 | Elf:3    | Reached skill level 5 in Necromancy
 74633 | Elf:3    | Noticed Bai Suzhen
 75591 | Elf:3    | Reached skill level 24 in Stealth
 75883 | Elf:3    | Got a wavering steel ring
 76308 | Elf:3    | Got a transparent granite ring
 76311 | Elf:3    | Identified the ring "Liytofao" {*Tele SInv} (You took it off a deep elf master archer on level 3 of the Elven Halls)
 76313 | Elf:3    | Identified the ring "Ykuv" {rPois rF+ MR+ Int-3} (You took it off a deep elf mage on level 3 of the Elven Halls)
 76800 | Elf:3    | Got a fine amethyst amulet
 76834 | Elf:3    | Killed Bai Suzhen
 77104 | Elf:3    | Got a vibrating marble ring
 77105 | Elf:3    | Identified the ring of Weowiel {rPois rN+ Str+3} (You took it off a deep elf elementalist on level 3 of the Elven Halls)
 77106 | Elf:3    | Identified the amulet of Isoax {rElec Regen+ Str+2} (You took it off a deep elf death mage on level 3 of the Elven Halls)
 78219 | Elf:3    | Identified Sif Muna's Incunabulum of the Mountains and Calling
 80319 | Vaults:4 | Reached skill level 10 in Charms
 80325 | Vaults:4 | Reached XP level 22. HP: 119/119 MP: 28/45
 80337 | Vaults:4 | Learned a level 8 spell: Discord
 81607 | Vaults:4 | Found Gunaw's Jewellery Emporium.
 81615 | Vaults:4 | Bought a +6 ring of evasion for 1248 gold pieces
 82649 | Vaults:4 | Upgraded the game from 0.21-a0-178-g0b87683 to 0.21-a0-184-g9126a74
 82760 | Vaults:5 | Entered Level 5 of the Vaults
 83243 | Vaults:5 | Identified the Almanac of Fiery Cold
 83604 | Vaults:5 | Noticed a golden dragon
 83611 | Vaults:5 | Reached skill level 25 in Stealth
 84916 | Vaults:5 | Identified the Volume of the Jolly Spirits
 84922 | Vaults:5 | Got a silver rune of Zot
 84947 | Vaults:5 | Identified the Papyrus of Good Luck
 86562 | Vaults:5 | Reached XP level 23. HP: 124/124 MP: 43/47
 88146 | Vaults:2 | Learned a level 3 spell: Spectral Weapon
 88919 | Vaults:5 | Identified the +0 hat "Tuoqef" {rElec rN+ Regen+ Str+3} (You found it on level 5 of the Vaults)
 89459 | Vaults:5 | Got a jewelled quick blade
 89460 | Vaults:5 | Identified the +6 quick blade "Cuyrefiesch" {protect, +Inv MR- Str-5 SInv} (You acquired it on level 5 of the Vaults)
 90489 | Depths:1 | Found a one-way gate leading to the halls of Pandemonium.
 90636 | Depths:1 | Noticed Aizul
 90665 | Depths:1 | Killed Aizul
 90954 | Depths:1 | Found a gateway to Hell.
 91502 | Depths:2 | Noticed an ancient lich
 91510 | Depths:2 | Killed an ancient lich
 91962 | Depths:2 | Noticed a juggernaut
 91971 | Depths:2 | Killed a juggernaut
 92320 | Depths:2 | Noticed a caustic shrike
 92320 | Depths:2 | a frost giant changed into a caustic shrike
 92322 | Depths:2 | a caustic shrike changed into an acid blob
 92327 | Depths:2 | Noticed a caustic shrike
 92327 | Depths:2 | a shadow dragon changed into a caustic shrike
 92331 | Depths:2 | Killed a caustic shrike
 93421 | Depths:2 | Reached skill level 26 in Stealth
 93505 | Depths:2 | Reached XP level 24. HP: 130/130 MP: 41/48
 93514 | Depths:2 | Found a gateway to a ziggurat.
 93693 | Zig:1    | Entered Level 1 of a ziggurat
 93862 | Zig:2    | Entered Level 2 of a ziggurat
 94145 | Zig:3    | Entered Level 3 of a ziggurat
 94405 | Zig:4    | Entered Level 4 of a ziggurat
 94445 | Zig:4    | Reached XP level 25. HP: 135/135 MP: 48/48
 94470 | Zig:5    | Entered Level 5 of a ziggurat
 94762 | Zig:5    | Got a transparent wooden ring
 94763 | Zig:5    | Identified the ring of Neurosis {rElec MP+9 Slay+6} (You found it on level 5 of a ziggurat)
 94805 | Zig:6    | Entered Level 6 of a ziggurat
 95212 | Zig:6    | Got a twitching iron ring
 95213 | Zig:6    | Identified the ring "Raoco" {*Tele Str+2} (You found it on level 6 of a ziggurat)
 95228 | Zig:7    | Entered Level 7 of a ziggurat
 95263 | Zig:7    | Identified the cursed +1 rapier of Disintegration {pierce, rF+ Str+5 Dex+3} (You found it on level 7 of a ziggurat)
 95512 | Zig:8    | Entered Level 8 of a ziggurat
 95777 | Zig:8    | Reached XP level 26. HP: 140/140 MP: 48/48
 95792 | Zig:8    | Got a bloodstained short sword
 95793 | Zig:8    | Identified the +8 short sword of Exoneration {freeze, rElec Int+4} (You acquired it on level 8 of a ziggurat)
 95803 | Zig:9    | Entered Level 9 of a ziggurat
 95850 | Zig:9    | Reached skill level 15 in Charms
 96270 | Zig:9    | Identified the Disquisition on Mutagenic Talismans
 96282 | Zig:10   | Entered Level 10 of a ziggurat
 96733 | Zig:10   | Got a fine turquoise ring
 96734 | Zig:10   | Identified the ring of Yneh {-Tele rF+ MR++ Int+6 Dex+3} (You found it on level 10 of a ziggurat)
 96737 | Zig:10   | Identified the Handbook of Shape Shifting and Displacement
 96755 | Zig:11   | Entered Level 11 of a ziggurat
 96788 | Zig:11   | Reached skill level 15 in Fighting
 96791 | Zig:11   | Reached skill level 27 in Stealth
 97162 | Zig:11   | Identified the +1 robe of Foolhardiness {-Cast +Inv rElec Stlth+} (You found it on level 11 of a ziggurat)
 97187 | Zig:12   | Entered Level 12 of a ziggurat
 97612 | Zig:12   | Identified the Compendium of the Foremost Continents
 97624 | Zig:12   | Got a heavily runed pewter ring
 97625 | Zig:12   | Identified the ring "Lion" {rF+ Str+3 Int+3} (You found it on level 12 of a ziggurat)
 97627 | Zig:12   | Got a twitching lead ring
 97628 | Zig:12   | Identified the ring of Utir {Str+7 Dex+3} (You found it on level 12 of a ziggurat)
 97639 | Zig:13   | Entered Level 13 of a ziggurat
 97648 | Zig:13   | Noticed an ancient lich
 97649 | Zig:13   | Noticed an ancient lich
 97686 | Zig:13   | Killed an ancient lich
 97731 | Zig:13   | Killed an ancient lich
 98125 | Zig:13   | Identified the Volume of Confrontation and Black Rites
 98164 | Zig:14   | Entered Level 14 of a ziggurat
 98657 | Zig:14   | Identified the Collected Works on Freezing Changing
 98681 | Zig:15   | Entered Level 15 of a ziggurat
 99039 | Zig:15   | Identified the Tome of Quantum Black Arts
 99073 | Zig:16   | Entered Level 16 of a ziggurat
 99084 | Zig:16   | Noticed Serpenta's ghost (legendary BaNe)
 99203 | Zig:16   | Killed Serpenta's ghost
 99274 | Zig:16   | Slain by a deep elf blademaster

Vault maps used:
D:1:      evilmike_arrival_crescent
D:2:      nicolae_overflow_crystal_walls
D:3:      first_bread, grunt_ministairs_1, uniq_jessica
D:4:      wad_river_or_something, marbit_many_paths, minmay_fire_ice_demons
D:5:      enter_ossuary_1, minivault_25
D:6:      minmay_temple_entry_butterflies, uniq_eustachio, uniq_edmund,
          uniq_duvessa, uniq_sigmund
D:7:      uniq_crazy_yiuf_cottage
D:8:      kennysheep_okawaru_gauntlet
D:9:      erik_lair_island, hiddenorc1_lemuel
D:10:     serial_shops, shop
D:11:     uniq_snorg
D:12:     uniq_josephine
D:13:     hangedman_ranch
D:14:     david_vaults_1, nicolae_ru_sacrificial_ziggurat, spider_trap,
          uniq_roxanne
D:15:     grunt_enter_depths_hoard, hangedman_decor_opposing, minivault_7
Temple:   regret_index_temple_chain_breaker
Lair:1:   grunt_forest_large_clearings, infiniplex_staircase_pool
Lair:2:   swamp_mist, lemuel_fruit_tree
Lair:3:   minmay_snake_entry_six_corridors
Lair:4:   kennysheep_abandoned_house, serial_bayou_shore_a
Lair:6:   evilmike_catoblepas_cave, slime_dummy, basic_altar,
          minmay_lair_drake_nest, lemuel_fruit_fields
Swamp:1:  evilmike_swamp_ruin_house_3, swamp_pool5, infiniplex_staircase_pool_2
Swamp:2:  evilmike_swamp_ruin_rubble_2
Swamp:3:  serial_swamp_ruin, evilmike_swamp_ruin_house_4,
          evilmike_swamp_ruin_rubble_1, swamp_pool2
Swamp:4:  swamp
Snake:1:  basic_altar
Snake:2:  basic_altar
Snake:4:  grunt_snake_rune_pools
Orc:1:    nicolae_volcano_entry_lava_flow
Orc:2:    grunt_orc_tribal_feast, uniq_azrael
Elf:1:    elf_arrival_002, hangedman_elf_represent, grunt_ministairs_8
Elf:2:    basic_altar
Elf:3:    minmay_elf_hall_spiked, uniq_bai_suzhen
Vaults:1: v_misc_9, nicolae_vaults_rhombus_7, vaults_room_pools,
          hangedman_vaults_stretched_pinwheel, grunt_vaults_diagonal,
          hangedman_vaults_stream, nicolae_vaults_three_branches,
          hangedman_vaults_trim, nicolae_vaults_little_squares_6
Vaults:2: vaults_mumra_hexcomb, ontoclasm_vaults_claustrophobia,
          vaults_room_fours, dpeg_vaults_monster_box, st_eye, v_misc_9,
          v_misc_24, vaults_room_pools, vaults_room_grunt_arrival_ludios,
          vaults_room_semicircle, nicolae_vaults_little_squares_1, basic_altar,
          uniq_boris
Vaults:3: vaults_mumra_bighexcomb, vaults_room_door_hall,
          ontoclasm_vaults_shuriken, minmay_crypt_entry_nasty_monster,
          nicolae_vaults_alarming, nicolae_vaults_rhombus_5, vaults_dpeg_cross,
          vaults_room_hallway, uniq_jory
Vaults:4: vaults_mumra_hex, v_misc_11, v_pattern_1, v_misc_1,
          ontoclasm_vaults_hangar, vaults_dpeg_ring,
          nicolae_vaults_border_crossing, st_smaller_cells, v_misc_12,
          vaults_room_large_hall, vaults_room_pools, ontoclasm_vaults_fault,
          ontoclasm_vaults_loading_screen, nicolae_vaults_little_squares_4,
          v_misc_22, serial_shops, shop
Depths:1: serial_bayou_pond_b, rand_demon_pan_entry_4, hell_entry,
          roderic_whirl, minmay_variable_closet, lemuel_statue_altar,
          firewood_loft, uniq_aizul
Depths:2: hangedman_crystal_crosses_colossus, hell_entry
Zig:7:    ziggurat_pillar_centre_c
Zig:11:   ziggurat_pillar_centre_dead_trees
Ossuary:  ossuary_tomb_2

Skill      XL: |  1  2  3  4  5  6  7  8  9 10 11 12 13 14 15 16 17 18 19 20 21 22 23 24 25 26 |
---------------+-------------------------------------------------------------------------------+-----
Spellcasting   | 3 4 5 6 7 8 10 11 12 13 14 15 16 17 18 19 20 | 20.9
Hexes          | 4 5 6 7 8 9 11 12 13 14 15 16 17 18 19 20 21 | 21.3
Stealth        | 5 8 10 12 13 14 15 16 17 18 19 20 21 22 23 24 25 26 27 | 27.0
Short Blades   | 3 5 6 8 9 10 11 12 13 14 | 14.5
Dodging        | 5 7 9 10 12 13 14 15 16 17 18 19 20 21 22 23 24 | 24.2
Fighting       | 2 3 4 5 7 8 9 10 11 12 13 14 15 | 15.3
Shields        | 3 4 6 7 |  7.4
Charms         | 6 10 12 14 16 | 16.0
Air Magic      | 3 |  3.0
Translocations | 3 |  3.1
Necromancy     | 4 5 |  5.0

Action                   |  1- 3 |  4- 6 |  7- 9 | 10-12 | 13-15 | 16-18 | 19-21 | 22-24 | 25-27 || total
-------------------------+-------+-------+-------+-------+-------+-------+-------+-------+-------++-------
Melee: Dagger            |   109 |   197 |   404 |   764 |  1124 |   973 |  1369 |  1205 |    61 ||  6206
       Headbutt          |       |       |    39 |    90 |   158 |   194 |   306 |   281 |    61 ||  1129
       Rapier            |       |       |       |       |       |       |       |       |   226 ||   226
 Cast: Corona            |    12 |     2 |       |       |       |       |       |       |       ||    14
       Ensorcelled Hiber |    35 |    34 |    24 |    76 |   169 |   127 |    14 |     5 |       ||   484
       Confuse           |       |    10 |    48 |    96 |    83 |    98 |    69 |   129 |     7 ||   540
       Dazzling Spray    |       |       |     4 |     9 |    68 |   204 |   129 |    55 |       ||   469
       Tukima's Dance    |       |       |     1 |     2 |    15 |    29 |     2 |       |       ||    49
       Invisibility      |       |       |       |       |       |     2 |    45 |    29 |    12 ||    88
       Deflect Missiles  |       |       |       |       |       |       |     1 |     4 |       ||     5
       Discord           |       |       |       |       |       |       |       |    25 |    44 ||    69
       Spectral Weapon   |       |       |       |       |       |       |       |    10 |    10 ||    20
       Silence           |       |       |       |       |       |       |       |     1 |       ||     1
Invok: Shadow Step       |       |       |       |       |     6 |    14 |     5 |     8 |     5 ||    38
Evoke: Wand              |       |       |       |       |     1 |     6 |       |       |       ||     7
       Sack of spiders   |       |       |       |       |     1 |       |       |       |       ||     1
       Phantom mirror    |       |       |       |       |       |       |     1 |       |       ||     1
  Use: Scroll            |     8 |     4 |    11 |     9 |    14 |    11 |    17 |    16 |    20 ||   110
       Potion            |       |     1 |     2 |     1 |    12 |    10 |     9 |    11 |    13 ||    59
 Stab: Distracted        |     1 |       |       |     6 |     7 |     5 |    14 |    21 |     8 ||    62
       Sleeping          |    26 |    32 |    47 |   102 |   224 |   154 |   119 |    63 |    22 ||   789
       Confused          |       |     4 |    29 |    41 |    48 |    52 |    33 |    64 |     1 ||   272
       Invisible         |       |       |     1 |     6 |    34 |    87 |   198 |   103 |    12 ||   441
  Eat: Bread ration      |     1 |       |     1 |     1 |       |       |       |       |       ||     3
       Royal jelly       |       |     1 |     1 |     1 |     9 |    12 |     8 |     4 |     6 ||    42
       Fruit             |       |       |     1 |     4 |       |       |     9 |    26 |     9 ||    49
Armor: Robe              |    13 |    12 |    23 |    38 |    51 |    23 |    29 |    33 |     8 ||   230
Dodge: Dodged            |    95 |   139 |   251 |   665 |  1055 |   858 |   650 |   752 |   298 ||  4763
       Deflected         |       |       |       |       |       |       |     6 |    15 |     6 ||    27
Block: Other             |       |       |       |       |       |    31 |       |       |       ||    31
       Buckler           |       |       |       |       |       |    23 |   305 |   281 |   148 ||   757
       Reflection        |       |       |       |       |       |     5 |    25 |       |       ||    30
